 Dungeon Crawl Stone Soup version 0.30.0-19-g36f170ea60 (webtiles) character file.

Game seed: 3390268705549882695

21744 Cheops the Covert (level 12, -1/86 HPs)
             Began as an Armataur Earth Elementalist on May 26, 2023.
             Was an Elder of Uskayaw.
             Slain by a death yak (15 damage)
             ... on level 1 of the Lair of Beasts.
             The game lasted 01:16:41 (19529 turns).

Cheops the Covert (Armataur Earth Elementalist)    Turns: 19529, Time: 01:16:42

Health: -1/86      AC: 17    Str: 20    XL:     12   Next: 56%
Magic:  9/27       EV:  9    Int: 17    God:    Uskayaw [****..]
Gold:   1066       SH:  0    Dex: 12    Spells: 9/19 levels left

rFire   . . .        a - +4 dagger of Annihilation {spect, Will+ Str+4}
rCold   . . .        (no shield)
rNeg    . . .        L - +1 acid dragon scales
rPois   .            I - +0 helmet
rElec   .            H - +1 cloak
rCorr   +            r - +2 pair of gloves
SInv    .            (no barding)
Will    +....        k - amulet of regeneration
Stlth   +++++        Z - +4 ring of protection
HPRegen 1.14/turn    w - ring of magical power
MPRegen 0.20/turn

%: roll
@: studying Ice Magic
A: large, rugged brown scales 3, deformed body, armoured tail, roll, long
tongue, awkward tongue
a: Renounce Religion, Stomp, Line Pass


You were on level 1 of the Lair of Beasts.
You worshipped Uskayaw.
Uskayaw was noncommittal.
You visited 3 branches of the dungeon, and saw 12 of its levels.
You also visited: Ice Cave.

You collected 1066 gold pieces.

Inventory:

Hand Weapons
 a - the +4 dagger of Annihilation (weapon) {spect, Will+ Str+4}
   (You found it on level 2 of the Dungeon)

   Str:       It affects your strength (+4).
   Will:      It increases your willpower.
 b - a +2 dagger of venom
 c - a +1 short sword of holy wrath
 O - a +3 scimitar of freezing
Armour
 r - a +2 pair of gloves (worn)
 v - a +1 leather armour of cold resistance
 y - a +0 kite shield of cold resistance
 H - a +1 cloak (worn)
 I - a +0 helmet (worn)
 L - +1 acid dragon scales (worn)
 W - a +1 robe of resistance
Jewellery
 e - a ring of protection from fire
 k - an amulet of regeneration (around neck)
 s - a ring of magical power
 w - a ring of magical power (right hand)
 A - an amulet of guardian spirit
 F - a ring of wizardry
 G - a ring of protection from cold
 K - a ring of protection from fire
 U - a ring of ice
 V - the ring "Qadual" {rC+ rN+ rCorr Str-5 Dex+3}
   (You found it in an ice cave)

   [ring of protection from cold]

   Str:       It affects your strength (-5).
   Dex:       It affects your dexterity (+3).
   rC:        It protects you from cold.
   rN:        It protects you from negative energy.
   rCorr:     It protects you from acid and corrosion.
 X - a +6 ring of dexterity
 Y - a ring of willpower
 Z - a +4 ring of protection (left hand)
Wands
 m - a wand of flame (35)
 C - a wand of polymorph (15)
 E - a wand of roots (9)
 N - a wand of digging (2)
 Q - a wand of light (10)
 T - a wand of paralysis (5)
Scrolls
 g - 8 scrolls of teleportation
 h - 2 scrolls of amnesia
 i - 4 scrolls of enchant weapon
 p - 3 scrolls of fear
 x - 2 scrolls of poison
 z - a scroll of silence
 D - a scroll of vulnerability
Potions
 f - 14 potions of curing {unknown}
 j - a potion of brilliance
 l - 3 potions of lignification {unknown}
 n - 3 potions of mutation {unknown}
 o - 4 potions of haste {unknown}
 q - 2 potions of magic
 t - 3 potions of heal wounds
 u - 4 potions of attraction {unknown}
 B - 3 potions of might
 M - a potion of resistance
 R - a potion of flight


   Skills:
 - Level 10.0 Short Blades
 - Level 1.3 Dodging
 + Level 14.8 Stealth
 - Level 4.0 Spellcasting
 - Level 6.0 Conjurations
 - Level 6.0 Transmutations
 - Level 7.0 Earth Magic
 - Level 3.0 Invocations
 - Level 4.0 Evocations


You had 9 spell levels left.
You knew the following spells:

 Your Spells              Type           Power      Damage    Failure   Level
a - Sandblast             Erth           54%        2d13      1%          1
b - Stone Arrow           Conj/Erth      50%        3d10      4%          3
p - Petrify               Tmut/Erth      25%        N/A       14%         4
P - Passwall              Tmut/Erth      20%        N/A       2%          2

Your spell library contained the following spells:

 Spells                   Type           Power      Damage    Failure   Level
 Hailstorm                Conj/Ice       13%        3d5       19%         3
 Freeze                   Ice            12%        1d3       21%         1
 Blade Hands              Tmut           11%        N/A       43%         5
 Frozen Ramparts          Ice            6%         1d1       52%         3
 Portal Projectile        Hex/Tloc       6%         N/A       52%         3
 Tukima's Dance           Hex            3%         N/A       52%         3


Dungeon Overview and Level Annotations

Branches:
Dungeon (10/15)            Temple (1/1) D:7            Lair (1/5) D:8
    Orc (0/2) D:10          IceCv (visited)

Altars:
Ashenzari
Cheibriados
Dithmenos
Elyvilon
Fedhas
Gozag
Hepliaklqana
Kikubaaqudgha
Makhleb
Nemelex Xobeh
Okawaru
Qazlal
Ru
Sif Muna
Trog
Uskayaw
Vehumet
Wu Jian
Xom
Yredelemnul
Zin
The Shining One

Annotations:
D:3 diamond obelisk
Lair:1 exclusion: oklob plant


Innate Abilities, Weirdness & Mutations

You are completely covered in rugged brown scales. (AC +3, +7% HP)
Armour fits poorly on your strangely shaped body.
You have a long armoured tail.
You roll when moving toward enemies. (Rampage)
Your long tongue fully drains potion bottles. (2x potion effects)
Your tongue gives you trouble enunciating. (1.5x scroll delay)


Message History

The death yak is severely wounded.
The death yak gores you.
* * * LOW HITPOINT WARNING * * *
Uskayaw will force your foes to helplessly watch your dance.
Uskayaw prepares the audience for your solo!
The helpless death yak fails to defend itself.
You skewer the death yak like a kebab!!!!
You kill the death yak!
The death yak is no longer paralysed. x3; The death yak gores you!!
* * * LOW HITPOINT WARNING * * *
Uskayaw will force your foes to share their pain.
Uskayaw links your audience in an emotional bond!
You hit the death yak but do no damage.
The death yak is severely wounded.
Your +4 dagger of Annihilation {spect, Will+ Str+4} barely misses the death yak.
You hit the death yak.
The death yak is almost dead.
Your +4 dagger of Annihilation {spect, Will+ Str+4} hits the death yak.
The death yak barely misses your +4 dagger of Annihilation {spect, Will+ Str+4}.
You barely miss the death yak.
The death yak is almost dead.
Your +4 dagger of Annihilation {spect, Will+ Str+4} hits the death yak.
You hit the death yak.
You kill the death yak!
Your +4 dagger of Annihilation {spect, Will+ Str+4} disappears.
Training target 7.0 for Earth Magic reached!
Your Earth Magic skill increases to level 7!
Okay, then.
The death yak is no longer sharing its pain.
Casting: Stone Arrow (mildly dangerous; 4% risk of failure)
Confirm with . or Enter, or press ? or * to list all spells.
Aiming: Passwall (safe; 2% risk of failure)
Press: ? - help, Dir - move target A rock wall.
The death yak is no longer sharing its pain.
The death yak gores you!!
* * * LOW HITPOINT WARNING * * *
You begin to meditate on the wall.
You continue meditating on the rock.
The death yak gores you!
You die...

##.......## *,,, ##........# *,,,
#.........# *,,, ##.......## *,,,
#.......## *,,[ #........# *,,,
#.......## *,,, ##........###*#**
*,,,
#######........#@Y#.#.###*****,,,
.................Y...÷...,,,,,,,,
..................†......,,,,,,,,
.........................,,,,,,,,
.....................>...Y,,,,,,,
.........................,,,,,,,,
.........................,,,,,^,,
.P.......................,,,,,,,,
.P#........#.########....,,,,,***


You could see 2 death yaks.

Vanquished Creatures
  A white draconian (IceCv)
  4 death yaks (Lair:1)
  3 two-headed ogres
  Sonja (D:10)
  2 ice statues (IceCv)
  The ghost of Sabo the Trooper, a novice DsBe of Trog (D:7)
  Maggie (D:7)
  4 rime drakes (IceCv)
  3 kobold demonologists (D:8)
  3 komodo dragons (Lair:1)
  3 unseen horror zombies (D:9)
  2 hornets (D:9)
  Prince Ribbit (D:7)
  Grinder (D:5)
  Sigmund (D:6)
  A wraith (D:5)
  A basilisk (D:8)
  A shadow (D:10)
  4 wyverns
  Eustachio (D:4)
  13 yaks
  Menkaure (D:4)
  Edmund (D:6)
  5 water moccasins
  8 black bears
  6 orc warriors
  An ice beast (D:5)
  An ogre (D:5)
  9 wolves (Lair:1)
  A centaur (D:8)
  6 phantoms
  Blork the orc (D:6)
  8 kobold brigands
  7 bullfrogs
  A necrophage (D:9)
  6 scorpions
  6 wights (D:9)
  7 killer bees
  3 lindwurm simulacra (IceCv)
  5 howler monkeys
  2 centaur zombies (D:9)
  9 komodo dragon simulacra (IceCv)
  2 gnoll boudas
  6 hounds
  A human zombie (D:9)
  7 orc priests
  Crazy Yiuf (D:7)
  6 iguanas
  A sleepcap (D:6)
  11 orc wizards
  2 mummies (D:9)
  Robin (D:2)
  2 howler monkey zombies (D:9)
  5 acid dragon simulacra (IceCv)
  11 gnolls
  12 adders
  2 shadow imps
  A white imp (D:5)
  An ufetubus (D:6)
  4 steam dragon simulacra (IceCv)
  A worm (D:3)
  2 dart slugs
  44 orcs
  6 bats
  9 endoplasms
  7 giant cockroaches
  18 goblins
  6 hobgoblins
  10 jackals
  3 quokkas
  8 ball pythons
  2 frilled lizards (D:1)
  19 kobolds
  6 rats
363 creatures vanquished.

Vanquished Creatures (collateral kills)
  A cane toad (Lair:1)
1 creature vanquished.

Grand Total: 364 creatures vanquished

Notes
Turn   | Place    | Note
-------+----------+-------------------------------------------
     0 | D:1      | Cheops the Armataur Earth Elementalist began the quest for
                  | the Orb.
     0 | D:1      | Reached XP level 1. HP: 14/14 MP: 3/3
   177 | D:1      | Reached XP level 2. HP: 21/21 MP: 2/4
   726 | D:1      | Reached XP level 3. HP: 27/27 MP: 3/5
   931 | D:2      | Reached skill level 3 in Stealth
  1082 | D:2      | Noticed Robin
  1146 | D:2      | Reached XP level 4. HP: 26/35 MP: 0/6
  1150 | D:2      | Identified the +4 dagger of Annihilation {spect, Will+
                  | Str+4}
  1265 | D:2      | Found a faded altar of an unknown god.
  1387 | D:2      | Killed Robin
  1388 | D:2      | Reached skill level 1 in Short Blades
  2363 | D:3      | Found an ornate altar of the Wu Jian Council.
  2368 | D:3      | Noticed a black bear
  2381 | D:3      | Killed a black bear
  2382 | D:3      | Reached XP level 5. HP: 14/40 MP: 0/7
  2570 | D:3      | Found a hazy altar of Hepliaklqana.
  2929 | D:3      | Reached XP level 6. HP: 48/48 MP: 4/8
  3010 | D:3      | Found a stormy altar of Qazlal.
  3189 | D:3      | Learned a level 2 spell: Passwall
  3517 | D:4      | Reached skill level 4 in Stealth
  3517 | D:4      | Reached skill level 5 in Earth Magic
  3521 | D:4      | Learned a level 3 spell: Stone Arrow
  3740 | D:4      | Reached XP level 7. HP: 50/53 MP: 3/10
  3752 | D:4      | Reached skill level 5 in Stealth
  4115 | D:4      | Noticed Menkaure
  4148 | D:4      | Killed Menkaure
  4149 | D:4      | Reached skill level 1 in Conjurations
  4307 | D:4      | Noticed Eustachio
  4327 | D:4      | Killed Eustachio
  4328 | D:4      | Reached skill level 6 in Stealth
  4422 | D:4      | Reached XP level 8. HP: 60/60 MP: 12/12
  4573 | D:4      | Learned a level 4 spell: Petrify
  4625 | D:5      | Entered Level 5 of the Dungeon
  4733 | D:5      | Noticed Grinder
  5530 | D:5      | Found a glowing golden altar of the Shining One.
  5713 | D:5      | Reached skill level 7 in Stealth
  5758 | D:5      | Reached skill level 1 in Transmutations
  5759 | D:5      | Reached skill level 5 in Conjurations
  5913 | D:5      | Paralysed by Grinder for 3 turns
  5919 | D:5      | Killed Grinder
  6253 | D:5      | Reached XP level 9. HP: 66/66 MP: 4/13
  6441 | D:5      | Reached skill level 8 in Stealth
  6977 | D:6      | Noticed Edmund
  6985 | D:6      | Killed Edmund
  7169 | D:5      | Reached skill level 5 in Transmutations
  7351 | D:6      | Reached skill level 1 in Evocations
  7530 | D:6      | Noticed Sigmund
  7845 | D:6      | Found a blossoming altar of Fedhas.
  7846 | D:6      | Found a glowing silver altar of Zin.
  7850 | D:6      | Reached skill level 9 in Stealth
  7868 | D:6      | Found a hide-covered altar of Uskayaw.
  7877 | D:6      | Became a worshipper of Uskayaw the Reveller
  7902 | D:6      | Reached * piety under Uskayaw
  7903 | D:6      | Killed Sigmund
  8160 | D:6      | Reached ** piety under Uskayaw
  8228 | D:6      | Noticed Blork the orc
  8279 | D:6      | Reached *** piety under Uskayaw
  8280 | D:6      | Killed Blork the orc
  8767 | D:7      | Found a bloodstained altar of Trog.
  8821 | D:7      | Noticed Prince Ribbit
  8829 | D:7      | Killed Prince Ribbit
  8976 | D:7      | Noticed Maggie
  8984 | D:7      | Killed Maggie
  9142 | D:7      | Found a runed translucent gate.
  9143 | D:7      | Found a runed translucent gate.
  9143 | D:7      | Noticed Sabo's ghost (novice DsBe)
  9144 | D:7      | Found a runed translucent gate.
  9241 | D:7      | Found a sacrificial altar of Ru.
  9479 | D:7      | Found a runed translucent door.
  9480 | D:7      | Noticed Crazy Yiuf
  9668 | D:7      | Found a staircase to the Ecumenical Temple.
  9814 | Temple   | Entered the Ecumenical Temple
  9995 | D:8      | Reached XP level 10. HP: 73/73 MP: 14/14
 10050 | D:8      | Reached skill level 10 in Stealth
 10080 | D:8      | Reached **** piety under Uskayaw
 10707 | D:8      | Found a staircase to the Lair.
 11495 | D:8      | Identified the +2 cloak of the Sky {-Tele rN+ Int+2}
 11523 | D:8      | Reached skill level 11 in Stealth
 11884 | D:8      | Found a staircase to the Lair.
 12326 | D:9      | Found a sparkling altar of Nemelex Xobeh.
 12580 | D:9      | Noticed a two-headed ogre
 12605 | D:8      | Reached skill level 5 in Short Blades
 12837 | D:9      | Noticed a two-headed ogre
 12844 | D:9      | Killed a two-headed ogre
 12845 | D:9      | Reached XP level 11. HP: 79/79 MP: 17/17
 13262 | D:9      | Reached skill level 12 in Stealth
 13267 | D:9      | Reached ***** piety under Uskayaw
 13389 | D:9      | You fall into a shaft and drop 1 floor!
 13389 | D:10     | Entered Level 10 of the Dungeon
 13544 | D:9      | Killed a two-headed ogre
 13762 | D:9      | Found a basalt altar of Yredelemnul.
 14583 | D:10     | Found a staircase to the Orcish Mines.
 15147 | D:10     | Found a radiant altar of Vehumet.
 15303 | D:10     | Noticed a two-headed ogre
 15310 | D:10     | Killed a two-headed ogre
 15448 | D:10     | Noticed Sonja
 15449 | D:10     | Upgraded the game from 0.30.0-18-gc0e69614cb to
                  | 0.30.0-19-g36f170ea60
 15452 | D:10     | Killed Sonja
 15453 | D:10     | Reached skill level 13 in Stealth
 15531 | D:10     | Found an ancient bone altar of Kikubaaqudgha.
 16273 | D:7      | Killed Crazy Yiuf
 16649 | D:7      | Killed Sabo's ghost
 16834 | Lair:1   | Entered Level 1 of the Lair of Beasts
 16933 | Lair:1   | Reached XP level 12. HP: 32/86 MP: 1/18
 17093 | Lair:1   | Found a frozen archway.
 17116 | IceCv    | Entered an ice cave
 17949 | IceCv    | Noticed a white draconian
 17971 | IceCv    | Killed a white draconian
 17972 | IceCv    | Reached skill level 10 in Short Blades
 17972 | IceCv    | Reached skill level 14 in Stealth
 18147 | IceCv    | Reached skill level 1 in Invocations
 18278 | IceCv    | Identified the ring "Qadual" {rC+ rN+ rCorr Str-5 Dex+3}
 18622 | Lair:1   | HP: 3/86 [komodo dragon (20)]
 19025 | Lair:1   | Noticed a death yak
 19026 | Lair:1   | Noticed a death yak
 19060 | Lair:1   | Killed a death yak
 19191 | Lair:1   | Identified the +1 pair of boots of Prudence {rElec rF+
                  | Dex+4}
 19245 | Lair:1   | Noticed a death yak
 19269 | Lair:1   | Killed a death yak
 19296 | Lair:1   | Noticed a death yak
 19515 | Lair:1   | Noticed a death yak
 19516 | Lair:1   | Noticed a death yak
 19522 | Lair:1   | Killed a death yak
 19526 | Lair:1   | Killed a death yak
 19529 | Lair:1   | Slain by a death yak

Illustrated notes

Levels and vault maps discovered:
D:1:      doesnt_arrival_eight_statues, layout_rooms, serial_park_tiny_pond,
          minmay_pentomino_q4
D:2:      layout_basic, shapermc_ecumenical_altar_notcrosses,
          nicolae_half_adder, uniq_robin
D:3:      layout_loops_cross, mainiacjoe_overflow_six_doors_small,
          nicolae_qazlal_eye_of_the_storm, mainiacjoe_overflow_small_starburst
D:4:      layout_loops_ring, minmay_pentangle, uniq_eustachio, uniq_menkaure
D:5:      minmay_opposing_rooms, layout_basic, kennysheep_mini, uniq_grinder
D:6:      layout_rooms, minitemple, uniq_edmund, uniq_sigmund,
          uniq_blork_the_orc
D:7:      layout_basic, lemuel_tele_altar, mainiacjoe_overflow_boulevard,
          temple_green, gammafunk_ghost_nasty_kobolds, uniq_maggie,
          uniq_crazy_yiuf_cottage, uniq_prince_ribbit1
D:8:      layout_loops_ring, minmay_lair_entry_grove
D:9:      layout_basic, nemelex_xobeh_ov_fountains_minmay,
          lemuel_mausoleum_altar_yredelemnul
D:10:     layout_layer_cave, kiku_gazebo_pond_becter, vehumet_altar_wand_db,
          david_orc_2, uniq_sonja
Temple:   nicolae_temple_ecumenical_triangle
Lair:1:   minmay_lair_oklob_chamber, layout_big_grid,
          portal_ice_cave_entry_pillars_2

Skill      XL: |  1  2  3  4  5  6  7  8  9 10 11 12 |
---------------+-------------------------------------+-----
Earth Magic    | 3 4 5 6 7 |  7.0
Stealth        | 3 4 6 7 9 11 13 14 | 14.8
Short Blades   | 3 4 5 9 10 | 10.0
Spellcasting   | 2 3 4 |  4.0
Conjurations   | 2 5 6 |  6.0
Transmutations | 3 5 6 |  6.0
Evocations     | 4 |  4.0
Invocations    | 3 |  3.0
Dodging        | |  1.3

Action                     |  1- 3 |  4- 6 |  7- 9 | 10-12 || total
---------------------------+-------+-------+-------+-------++-------
  Melee: Unarmed           |    18 |       |       |       ||    18
         Tailslap          |     1 |     4 |    16 |    11 ||    32
         Dagger            |     7 |    42 |    89 |   136 ||   274
         Punch             |       |     1 |       |     1 ||     2
   Cast: Sandblast         |    50 |    74 |    56 |    20 ||   200
         Stone Arrow       |       |       |   115 |   323 ||   438
         Passwall          |       |       |     1 |     6 ||     7
         Petrify           |       |       |     1 |    12 ||    13
 Invoke: Stomp             |       |       |       |     1 ||     1
  Evoke: Wand              |       |       |     1 |     9 ||    10
    Use: Scroll            |       |     2 |     7 |    12 ||    21
   Stab: Sleeping          |       |     3 |    11 |    17 ||    31
         Distracted        |       |     1 |     3 |     2 ||     6
         Petrified         |       |       |     1 |     5 ||     6
         Paralysed         |       |       |       |    17 ||    17
         Petrifying        |       |       |       |     1 ||     1
 Armour: Robe              |    16 |    36 |    79 |    75 ||   206
         Leather armour    |       |       |       |    11 ||    11
         Acid dragon scale |       |       |       |     5 ||     5
  Dodge: Dodged            |    20 |    32 |    84 |   106 ||   242
